TOP OF THE 1ST |
Hamilton Coyotes batting - Pitching for Sioux Falls Red Pandas : LHP Arnie Pittman
|
Pitching: LHP Arnie Pittman
|
|
Batting: RHB Elia Amberezzio
|
0-0: Called Strike 0-1: SINGLE (Flyball, 78M)
|
Batting: LHB Ken Stroud
|
0-0: Called Strike 0-1: Ball 1-1: Foul Ball, location: 2F 1-2: Foul Ball, location: 2F 1-2: Foul Ball, location: 2F 1-2: Ball 2-2: Foul Ball, location: 2F 2-2: Ball 3-2: Ground out 3-1 (Groundball, 34S) Elia Amberezzio to second
|
Batting: RHB Dani Trejo
|
0-0: Called Strike 0-1: Ball 1-1: Ball 2-1: Ball 3-1: Base on Balls
|
Batting: LHB Scot Willis
|
0-0: Ball 1-0: Swinging Strike 1-1: Ball 2-1: Called Strike 2-2: Ball 3-2: Fielders Choice at 2nd, 3-6 (Groundball, 34) Elia Amberezzio to third
|
Batting: SHB Martín Marrero
|
0-0: Foul Ball, location: 2F 0-1: Ball 1-1: Called Strike 1-2: Strikes out swinging
|
Top of the 1st over - 0 runs, 1 hit, 0 errors, 2 left on base; Hamilton 0 - Sioux Falls 0 |
BOTTOM OF THE 1ST |
Sioux Falls Red Pandas batting - Pitching for Hamilton Coyotes : RHP Kgosi Gowon
|
Pitching: RHP Kgosi Gowon
|
|
Batting: SHB Jorge Alou
|
0-0: Ball 1-0: Ball 2-0: Foul Ball, location: 2F 2-1: Swinging Strike 2-2: Ball 3-2: Foul Ball, location: 2F 3-2: Base on Balls
|
Batting: RHB Jesús Orozco
|
0-0: Called Strike 0-1: Swinging Strike 0-2: Ball 1-2: Ball 2-2: Fielders Choice at 2nd, 3-6 (Groundball, 3)
|
Batting: RHB David Edwards
|
0-0: Ball 1-0: Called Strike 1-1: Foul Ball, location: 2F 1-2: Ball 2-2: Fly out, F9 (Flyball, 89D)
|
Batting: RHB Martinus Xhaka
|
0-0: Ball 1-0: Ball 2-0: Ground out 1-3 (Groundball, 13)
|
Bottom of the 1st over - 0 runs, 0 hits, 0 errors, 1 left on base; Hamilton 0 - Sioux Falls 0 |
TOP OF THE 2ND |
Hamilton Coyotes batting - Pitching for Sioux Falls Red Pandas : LHP Arnie Pittman
|
Batting: RHB Duane Wills
|
0-0: Ground out 5-3 (Groundball, 56S)
|
Batting: RHB Warren Martin
|
0-0: Called Strike 0-1: Ball 1-1: Ground out 4-3 (Groundball, 4)
|
Batting: RHB Ernest Daniels
|
0-0: Ball 1-0: Called Strike 1-1: Called Strike 1-2: Foul Ball, location: 2F 1-2: Foul Ball, location: 2F 1-2: Foul Ball, location: 2F 1-2: Foul Ball, location: 2F 1-2: Ball 2-2: Ball 3-2: Foul Ball, location: 2F 3-2: Base on Balls
|
Batting: LHB Tony Rodríguez
|
0-0: Ball 1-0: Ball 2-0: Reached on error, E6 (Groundball, 6) Ernest Daniels to second
|
Batting: RHB Elia Amberezzio
|
0-0: Foul Ball, location: 2F 0-1: Swinging Strike 0-2: Ball 1-2: Strikes out swinging
|
Top of the 2nd over - 0 runs, 0 hits, 1 error, 2 left on base; Hamilton 0 - Sioux Falls 0 |
BOTTOM OF THE 2ND |
Sioux Falls Red Pandas batting - Pitching for Hamilton Coyotes : RHP Kgosi Gowon
|
Batting: LHB Qi-zhen Loong
|
0-0: Ball 1-0: Foul Ball, location: 2F 1-1: Called Strike 1-2: Ground out 4-3 (Groundball, 4)
|
Batting: RHB Darrell Terwey
|
0-0: Ball 1-0: Fly out, F6 (Popup, 6)
|
Batting: RHB Ramón Gómez
|
0-0: Ball 1-0: Foul Ball, location: 2F 1-1: Ball 2-1: Foul Ball, location: 2F 2-2: Fly out, F9 (Flyball, 9S)
|
Bottom of the 2nd over - 0 runs, 0 hits, 0 errors, 0 left on base; Hamilton 0 - Sioux Falls 0 |
TOP OF THE 3RD |
Hamilton Coyotes batting - Pitching for Sioux Falls Red Pandas : LHP Arnie Pittman
|
Batting: LHB Ken Stroud
|
0-0: Ball 1-0: Ball 2-0: Called Strike 2-1: Ball 3-1: Called Strike 3-2: Strikes out swinging
|
Batting: RHB Dani Trejo
|
0-0: Ball 1-0: Swinging Strike 1-1: Ball 2-1: Ground out 6-3 (Groundball, 6)
|
Batting: LHB Scot Willis
|
0-0: Called Strike 0-1: Called Strike 0-2: Strikes out swinging, 2-3 out at first.
|
Top of the 3rd over - 0 runs, 0 hits, 0 errors, 0 left on base; Hamilton 0 - Sioux Falls 0 |
BOTTOM OF THE 3RD |
Sioux Falls Red Pandas batting - Pitching for Hamilton Coyotes : RHP Kgosi Gowon
|
Batting: RHB Hyeon-cheong Kim
|
0-0: Ball 1-0: Ball 2-0: Ball 3-0: Base on Balls
|
Batting: RHB Mick Spargo
|
0-0: Called Strike 0-1: Swinging Strike 0-2: Ball 1-2: Foul Ball, location: 2F 1-2: Ball 2-2: Ball 3-2: SINGLE (Line Drive, 9LS) Hyeon-cheong Kim to second
|
Batting: SHB Jorge Alou
|
0-0: Called Strike 0-1: Called Strike 0-2: Ball 1-2: Foul Ball, location: 2F 1-2: Grounds into double play, 4-6-3 (Groundball, 4) Hyeon-cheong Kim to third
|
Batting: RHB Jesús Orozco
|
0-0: Ground out U3 (Groundball, 34)
|
Bottom of the 3rd over - 0 runs, 1 hit, 0 errors, 1 left on base; Hamilton 0 - Sioux Falls 0 |
TOP OF THE 4TH |
Hamilton Coyotes batting - Pitching for Sioux Falls Red Pandas : LHP Arnie Pittman
|
Batting: SHB Martín Marrero
|
0-0: Ball 1-0: Called Strike 1-1: Called Strike 1-2: Ball 2-2: Ball 3-2: Ground out 5-3 (Groundball, 56)
|
Batting: RHB Duane Wills
|
0-0: Called Strike 0-1: Ball 1-1: Ball 2-1: Ball 3-1: Base on Balls
|
Batting: RHB Warren Martin
|
0-0: Called Strike 0-1: Grounds into double play, 4-6-3 (Groundball, 4)
|
Top of the 4th over - 0 runs, 0 hits, 0 errors, 0 left on base; Hamilton 0 - Sioux Falls 0 |
BOTTOM OF THE 4TH |
Sioux Falls Red Pandas batting - Pitching for Hamilton Coyotes : RHP Kgosi Gowon
|
Batting: RHB David Edwards
|
0-0: Ball 1-0: Ball 2-0: Ball 3-0: Base on Balls
|
Batting: RHB Martinus Xhaka
|
0-0: Swinging Strike 0-1: Foul Ball, location: 2F 0-2: Ball 1-2: Foul Ball, location: 2F 1-2: Ball 2-2: Ball 3-2: Base on Balls David Edwards to second
|
Batting: LHB Qi-zhen Loong
|
0-0: Called Strike 0-1: Ball 1-1: Swinging Strike 1-2: Fielders Choice at 3rd, U5 (Groundball, 5L) Martinus Xhaka to second
|
Batting: RHB Darrell Terwey
|
0-0: Foul Ball, location: 2F 0-1: 3-RUN HOME RUN (Flyball, 7LD), Distance : 381 ft
|
Batting: RHB Ramón Gómez
|
0-0: Ball 1-0: Ball 2-0: Fly out, F6 (Popup, 6S)
|
Batting: RHB Hyeon-cheong Kim
|
0-0: Ball 1-0: Ball 2-0: Ball 3-0: Called Strike 3-1: Ground out 4-3 (Groundball, 34)
|
Bottom of the 4th over - 3 runs, 1 hit, 0 errors, 0 left on base; Hamilton 0 - Sioux Falls 3 |
TOP OF THE 5TH |
Hamilton Coyotes batting - Pitching for Sioux Falls Red Pandas : LHP Arnie Pittman
|
Batting: RHB Ernest Daniels
|
0-0: Ball 1-0: Ball 2-0: Called Strike 2-1: Swinging Strike 2-2: Ground out 5-3 (Groundball, 56S)
|
Batting: LHB Tony Rodríguez
|
0-0: Called Strike 0-1: Ball 1-1: Foul Ball, location: 2F 1-2: Strikes out looking
|
Batting: RHB Elia Amberezzio
|
0-0: Ball 1-0: Foul Ball, location: 2F 1-1: Swinging Strike 1-2: Strikes out swinging
|
Top of the 5th over - 0 runs, 0 hits, 0 errors, 0 left on base; Hamilton 0 - Sioux Falls 3 |
BOTTOM OF THE 5TH |
Sioux Falls Red Pandas batting - Pitching for Hamilton Coyotes : RHP Kgosi Gowon
|
Batting: RHB Mick Spargo
|
0-0: Ball 1-0: Ground out 6-3 (Groundball, 6)
|
Pitching: RHP Norberto Flores
|
|
Batting: SHB Jorge Alou
|
0-0: Ball 1-0: Called Strike 1-1: Swinging Strike 1-2: Foul Ball, location: 2F 1-2: Foul Ball, location: 2F 1-2: Ball 2-2: Foul Ball, location: 2F 2-2: Foul Ball, location: 2F 2-2: Ball 3-2: Base on Balls
|
Batting: RHB Jesús Orozco
|
0-0: Called Strike 0-1: Foul Ball, location: 2F 0-2: Foul Ball, location: 2F 0-2: Ball 1-2: Foul Ball, location: 2F 1-2: Ball 2-2: Foul Ball, location: 2F 2-2: Ball 3-2: Fly out, F8 (Flyball, 89M)
|
Batting: RHB David Edwards
|
0-0: Swinging Strike 0-1: Ball 1-1: Ball 2-1: Fly out, F8 (Flyball, 8RD)
|
Bottom of the 5th over - 0 runs, 0 hits, 0 errors, 1 left on base; Hamilton 0 - Sioux Falls 3 |
TOP OF THE 6TH |
Hamilton Coyotes batting - Pitching for Sioux Falls Red Pandas : LHP Arnie Pittman
|
Batting: LHB Ken Stroud
|
0-0: Ball 1-0: Called Strike 1-1: Ball 2-1: Ground out 4-3 (Groundball, 34D)
|
Batting: RHB Dani Trejo
|
0-0: Called Strike 0-1: Ball 1-1: Foul Ball, location: 2F 1-2: Ball 2-2: Ground out 5-3 (Groundball, 56S)
|
Batting: LHB Scot Willis
|
0-0: Ball 1-0: SINGLE (Flyball, 8LS)
|
Batting: SHB Martín Marrero
|
0-0: Ball 1-0: Called Strike 1-1: Ball 2-1: Swinging Strike 2-2: Ball 3-2: Strikes out swinging
|
Top of the 6th over - 0 runs, 1 hit, 0 errors, 1 left on base; Hamilton 0 - Sioux Falls 3 |
BOTTOM OF THE 6TH |
Sioux Falls Red Pandas batting - Pitching for Hamilton Coyotes : RHP Norberto Flores
|
Batting: RHB Martinus Xhaka
|
0-0: Ball 1-0: Ball 2-0: Called Strike 2-1: Swinging Strike 2-2: Foul Ball, location: 2F 2-2: Ball 3-2: Base on Balls
|
Batting: LHB Qi-zhen Loong
|
0-0: Ball 1-0: Called Strike 1-1: Ball 2-1: Fly out, F4 (Line Drive, 4)
|
Batting: RHB Darrell Terwey
|
0-0: Called Strike 0-1: Ball 1-1: Ball 2-1: Grounds into double play, 1-6-3 (Groundball, 13)
|
Bottom of the 6th over - 0 runs, 0 hits, 0 errors, 0 left on base; Hamilton 0 - Sioux Falls 3 |
TOP OF THE 7TH |
Hamilton Coyotes batting - Pitching for Sioux Falls Red Pandas : LHP Arnie Pittman
|
Batting: RHB Duane Wills
|
0-0: Called Strike 0-1: Swinging Strike 0-2: Ball 1-2: Strikes out looking
|
Batting: RHB Warren Martin
|
0-0: Ball 1-0: Foul Ball, location: 2F 1-1: Ball 2-1: Ball 3-1: Fly out, F7 (Line Drive, 7)
|
Batting: RHB Ernest Daniels
|
0-0: Ball 1-0: Ball 2-0: Called Strike 2-1: Ball 3-1: Base on Balls
|
Batting: LHB Tony Rodríguez
|
0-0: Ball 1-0: Ground out 4-3 (Groundball, 4)
|
Top of the 7th over - 0 runs, 0 hits, 0 errors, 1 left on base; Hamilton 0 - Sioux Falls 3 |
BOTTOM OF THE 7TH |
Sioux Falls Red Pandas batting - Pitching for Hamilton Coyotes : RHP Norberto Flores
|
Batting: RHB Ramón Gómez
|
0-0: Fly out, F8 (Flyball, 8RXD)
|
Batting: RHB Hyeon-cheong Kim
|
0-0: Ball 1-0: Ground out 4-3 (Groundball, 4)
|
Batting: RHB Mick Spargo
|
0-0: Called Strike 0-1: Called Strike 0-2: Ball 1-2: Fly out, F3 (Popup, 3)
|
Bottom of the 7th over - 0 runs, 0 hits, 0 errors, 0 left on base; Hamilton 0 - Sioux Falls 3 |
TOP OF THE 8TH |
Hamilton Coyotes batting - Pitching for Sioux Falls Red Pandas : LHP Arnie Pittman
|
Pitching: RHP Gustavo López
|
|
Batting: RHB Elia Amberezzio
|
0-0: Called Strike 0-1: Ball 1-1: Foul Ball, location: 2F 1-2: SINGLE (Groundball, 4D)
|
Batting: LHB Ken Stroud
|
0-0: Called Strike 0-1: Ground out U3 (Groundball, 34S) Elia Amberezzio to second
|
Batting: RHB Dani Trejo
|
0-0: Fly out, F8 (Flyball, 8LM) Runner from 2nd tags up, SAFE at 3rd with throw
|
Batting: LHB Scot Willis
|
0-0: Ball 1-0: Ball 2-0: Foul Ball, location: 2F 2-1: Ball 3-1: Base on Balls
|
Batting: SHB Martín Marrero
|
0-0: Ball 1-0: Swinging Strike 1-1: Swinging Strike 1-2: Ground out U3 (Groundball, 3L)
|
Top of the 8th over - 0 runs, 1 hit, 0 errors, 2 left on base; Hamilton 0 - Sioux Falls 3 |
BOTTOM OF THE 8TH |
Sioux Falls Red Pandas batting - Pitching for Hamilton Coyotes : RHP Norberto Flores
|
Batting: SHB Jorge Alou
|
0-0: Foul Ball, location: 2F 0-1: SOLO HOME RUN (Flyball, 9LD), Distance : 359 ft
|
Batting: RHB Jesús Orozco
|
0-0: Called Strike 0-1: Ball 1-1: Ground out 3-1 (Groundball, 34S)
|
Batting: RHB David Edwards
|
0-0: Ball 1-0: Swinging Strike 1-1: Ground out 5-3 (Groundball, 56S)
|
Pitching: RHP Ed Maresh
|
|
Batting: RHB Martinus Xhaka
|
0-0: Ground out 5-3 (Groundball, 56)
|
Bottom of the 8th over - 1 run, 1 hit, 0 errors, 0 left on base; Hamilton 0 - Sioux Falls 4 |
TOP OF THE 9TH |
Hamilton Coyotes batting - Pitching for Sioux Falls Red Pandas : RHP Gustavo López
|
Batting: RHB Duane Wills
|
0-0: Ball 1-0: Called Strike 1-1: Swinging Strike 1-2: Strikes out looking
|
Batting: RHB Warren Martin
|
0-0: Ball 1-0: Swinging Strike 1-1: Ball 2-1: Foul Ball, location: 2F 2-2: Ball 3-2: Foul Ball, location: 2F 3-2: Strikes out swinging
|
Batting: RHB Ernest Daniels
|
0-0: Ground out 4-3 (Groundball, 4)
|
Top of the 9th over - 0 runs, 0 hits, 0 errors, 0 left on base; Hamilton 0 - Sioux Falls 4 |
|